 Dungeon Crawl Stone Soup version 0.30.1-11-g7821555f0a (webtiles) character file.

Game seed: 11867174335972089606

2275 Ijustatesigmund the Thaumaturge (level 9, -2/75 HPs)
             Began as a Deep Elf Earth Elementalist on Dec 8, 2023.
             Was an Initiate of Vehumet.
             Succumbed to Maggie's poison
             ... on level 8 of the Dungeon.
             The game lasted 00:12:34 (7611 turns).

Ijustatesigmund the Thaumaturge (DEEE)              Turns: 7611, Time: 00:12:35

Health: -2/75      AC: 28    Str:  5    XL:     9   Next: 16%
Magic:  2/24       EV:  2    Int: 25    God:    Vehumet [......]
Gold:   304        SH:  0    Dex: 15    Spells: 22/26 levels left

rFire   . . .        c - +1 quarterstaff
rCold   + . .        (shield currently unavailable)
rNeg    . . .        a - melded +1 robe
rPois   +            (helmet currently unavailable)
rElec   .            (cloak currently unavailable)
rCorr   .            (gloves currently unavailable)
SInv    .            (boots currently unavailable)
Will    .....        (no amulet)
Stlth   ++           g - +4 ring of protection
HPRegen 0.32/turn    q - ring of protection from cold
MPRegen 0.19/turn

%: no passive effects
@: brilliant, lethally poisoned (-2 -> -19), tree-form, attractive, mesmerised,
invisible
A: stationary, stasis, torment immunity, boosted hp
a: Renounce Religion


You were on level 8 of the Dungeon.
You worshipped Vehumet.
Vehumet was noncommittal.
You were a tree.
You visited 1 branch of the dungeon, and saw 8 of its levels.

You collected 304 gold pieces.

Inventory:

Hand Weapons
 c - a +1 quarterstaff (weapon)
Armour
 a - a +1 robe (melded)
 y - a +1 pair of boots
Jewellery
 g - a +4 ring of protection (left branch)
 q - a ring of protection from cold (right branch)
 A - an amulet of guardian spirit
Wands
 l - a wand of mindburst (12)
 o - a wand of roots (10)
 v - a wand of acid (7)
 z - a wand of polymorph (11)
Scrolls
 e - 6 scrolls of teleportation
 h - 2 scrolls of poison
 k - 3 scrolls of enchant armour
 p - a scroll of identify
 r - a scroll of torment {unknown}
 w - a scroll of enchant weapon
Potions
 b - a potion of magic
 d - 2 potions of flight
 f - 5 potions of lignification
 i - 2 potions of curing {unknown}
 j - a potion of invisibility
 m - a potion of haste
 n - 3 potions of brilliance
 s - 2 potions of attraction
 t - a potion of degeneration {unknown}
 u - a potion of cancellation {unknown}
 x - a potion of heal wounds {unknown}


   Skills:
 - Level 3.0 Fighting
 - Level 2.4 Dodging
 - Level 2.4 Stealth
 + Level 9.0 Spellcasting
 + Level 7.5 Conjurations
 - Level 1.1 Transmutations
 + Level 7.9 Earth Magic


You had 22 spell levels left.
You knew the following spells:

 Your Spells              Type           Power      Damage    Failure   Level
a - Sandblast             Erth           100%       2d20      1%          1
b - Stone Arrow           Conj/Erth      100%       3d13      1%          3

Your spell library contained the following spells:

 Spells                   Type           Power      Damage    Failure   Level
 Passwall                 Tmut/Erth      41%        N/A       1%          2
 Apportation              Tloc           34%        N/A       5%          1
 Petrify                  Tmut/Erth      50%        N/A       9%          4
 Alistair's Intoxication  Tmut/Pois      14%        N/A       77%         5


Dungeon Overview and Level Annotations

Branches:
Dungeon (8/15)             Temple (0/1) D:4
   Lair: D:8-11

Altars:
Elyvilon
Gozag
Makhleb
Ru
Trog
Uskayaw
Vehumet
Wu Jian
Zin
The Shining One

Shops:
D:1 =

Annotations:
D:8 Maggie


Message History

Maggie mumbles some strange words.
Maggie draws you further into her thrall.
You fade into invisibility!
You feel very sick.
Maggie hits you from afar with a +0 glaive of venom!
Casting: Stone Arrow (safe; 1% risk of failure)
Confirm with . or Enter, or press ? or * to list all spells.
Aiming: Stone Arrow (safe; 1% risk of failure)
Press: ? - help, Shift-Dir - straight line, f/p - Maggie
Aim: Maggie, wielding a +0 glaive of venom and wearing +0 swamp dragon scales (heavily wounded, mesmerising, unable to see you, 79% to hit)
The stone arrow misses Maggie.
You feel very sick. Maggie closely misses you.
It was a potion of brilliance.
You feel clever all of a sudden.
You feel sick. Maggie closely misses you.
It was a potion of attraction.
You feel attractive to monsters.
You feel sick.
Maggie hits you from afar with a +0 glaive of venom.
* * * LOW HITPOINT WARNING * * *
You are more poisoned.
Maggie is attracted toward you.
Okay, then.
Casting: Stone Arrow (safe; 1% risk of failure)
Confirm with . or Enter, or press ? or * to list all spells.
Aiming: Stone Arrow (safe; 1% risk of failure)
Press: ? - help, Shift-Dir - straight line, f/p - Maggie
Aim: Maggie, wielding a +0 glaive of venom and wearing +0 swamp dragon scales (heavily wounded, mesmerising, unable to see you, 81% to hit)
You feel a surge of power!
The stone arrow hits Maggie.
Maggie is severely wounded.
* * * LOW HITPOINT WARNING * * *
You feel very sick.
Maggie hits you with a +0 glaive of venom!
* * * LOW HITPOINT WARNING * * *
You are more poisoned.
Really quaff the potion of lignification?
You turn into a tree.
Your +1 robe melds into your body.
Your roots penetrate the ground.
You die...

#. .......
####.#.......
....$....... ...
#$..#....... ....
#.#....$.... #.....
#........... #.....
#...........
.#.....####...♣@).....
......................
......................
......................
.............#........
#......#............
##.....#.#.#...#####
##.(†##.......#
#..........#.#


You could see Maggie (mesmerising, unable to see you).

Vanquished Creatures
  Joseph (D:7)
  2 water moccasins (D:7)
  An ice beast (D:5)
  A black bear (D:7)
  A sky beast (D:7)
  2 ogres (D:5)
  A centaur (D:8)
  A phantom (D:6)
  3 bullfrogs
  2 scorpions (D:5)
  3 killer bees (D:8)
  2 howler monkeys
  2 hounds
  2 jellies
  3 orc priests
  A sleepcap (D:5)
  Jessica (D:2)
  2 iguanas
  Terence (D:3)
  4 orc wizards
  5 adders
  3 gnolls (D:2)
  2 white imps
  2 dart slugs
  6 worms
  12 orcs
  4 ball pythons
  3 endoplasms
  3 giant cockroaches
  11 goblins
  5 hobgoblins
  4 jackals (D:2)
  8 kobolds
  3 quokkas
  2 bats (D:1)
  6 frilled lizards
  5 rats
120 creatures vanquished.

Notes
Turn   | Place    | Note
-------+----------+-------------------------------------------
     0 | D:1      | Ijustatesigmund the Deep Elf Earth Elementalist began the
                  | quest for the Orb.
     0 | D:1      | Reached XP level 1. HP: 10/10 MP: 6/6
   236 | D:1      | Reached XP level 2. HP: 13/15 MP: 5/8
   393 | D:1      | Found Ket Ymuan's Jewellery Boutique.
   659 | D:1      | Found a faded altar of an unknown god.
  1233 | D:2      | Reached skill level 4 in Spellcasting
  1233 | D:2      | Reached XP level 3. HP: 3/19 MP: 6/10
  1506 | D:2      | Reached XP level 4. HP: 17/24 MP: 6/12
  1706 | D:2      | Found an ornate altar of the Wu Jian Council.
  1729 | D:2      | Noticed Jessica
  1733 | D:2      | Killed Jessica
  1734 | D:2      | Reached skill level 5 in Spellcasting
  1962 | D:2      | Learned a level 3 spell: Stone Arrow
  2080 | D:3      | Found a bloodstained altar of Trog.
  2234 | D:3      | Found a faded altar of an unknown god.
  2290 | D:3      | Noticed Terence
  2293 | D:3      | Killed Terence
  2294 | D:3      | Reached skill level 1 in Conjurations
  2294 | D:3      | Reached XP level 5. HP: 19/28 MP: 8/14
  2369 | D:3      | Found an opulent altar of Gozag.
  2566 | D:3      | Reached skill level 5 in Earth Magic
  3056 | D:4      | Found a staircase to the Ecumenical Temple.
  3205 | D:4      | Reached skill level 1 in Fighting
  3772 | D:4      | Reached XP level 6. HP: 34/34 MP: 14/16
  4062 | D:5      | Entered Level 5 of the Dungeon
  4288 | D:5      | Noticed an ice beast
  4292 | D:5      | Killed an ice beast
  4293 | D:5      | Reached skill level 6 in Spellcasting
  4466 | D:5      | Reached XP level 7. HP: 39/39 MP: 11/18
  4828 | D:5      | Found a glowing golden altar of the Shining One.
  4980 | D:5      | Found a sacrificial altar of Ru.
  5671 | D:6      | Reached skill level 5 in Conjurations
  5885 | D:6      | Found a burning altar of Makhleb.
  5891 | D:6      | Found a radiant altar of Vehumet.
  5901 | D:6      | Found a white marble altar of Elyvilon.
  5907 | D:6      | Became a worshipper of Vehumet
  5999 | D:6      | Reached skill level 7 in Spellcasting
  5999 | D:6      | Reached XP level 8. HP: 39/45 MP: 16/20
  6367 | D:7      | Found a flagged portal.
  6528 | D:7      | Noticed Joseph
  6533 | D:7      | Killed Joseph
  6534 | D:7      | Reached skill level 8 in Spellcasting
  6874 | D:7      | Found a hide-covered altar of Uskayaw.
  7245 | D:7      | Reached XP level 9. HP: 50/50 MP: 16/23
  7358 | D:7      | Found a glowing silver altar of Zin.
  7597 | D:8      | Noticed Maggie
  7599 | D:8      | Reached skill level 9 in Spellcasting
  7610 | D:8      | HP: 1/50 [Maggie/+0 glaive of venom (10)]
  7611 | D:8      | Succumbed to Maggie's poison

Illustrated notes

Levels and vault maps discovered:
D:1:      dpeg_arrival_pits, layout_basic, shapermc_ecumenical_altar_ellora,
          serial_shops, nicolae_shop_tiny_glass
D:2:      layout_loops_ring, basic_altar, minmay_diced_spiral, uniq_jessica
D:3:      layout_basic, lightli_temple_of_fire, nicolae_overflow_crystal_walls,
          nicolae_overflow_ecumenical_swirl, chequers_serial_rivers_room_b,
          uniq_terence
D:4:      layout_basic, minmay_temple_entry_metal_lava
D:5:      layout_cave_pods, nicolae_ru_the_path_less_chosen, tso_metal_star
D:6:      layout_loops_ring, minmay_overflow_temple_star_quad,
          kennysheep_nondescript, grunt_decor_cap
D:7:      layout_basic, zin_treasury, nicolae_uskayaw_murder_on_the_dancefloor,
          enter_bailey_5, minmay_misc_feat_diagonals, uniq_joseph
D:8:      layout_rooms, pf_just_have_faith, okawaru_ov_weapons_minmay,
          mainiacjoe_overflow_alcove_4, gammafunk_ghost_cemetery, worms_lemuel,
          uniq_maggie

Skill      XL: |  1  2  3  4  5  6  7  8  9 |
---------------+----------------------------+-----
Spellcasting   | 4 5 6 7 8 9 |  9.0
Earth Magic    | 4 5 6 7 |  7.9
Conjurations   | 1 2 3 5 7 |  7.5
Fighting       | 1 2 3 |  3.0
Dodging        | |  2.4
Stealth        | |  2.4
Transmutations | |  1.1

Action                     |  1- 3 |  4- 6 |  7- 9 || total
---------------------------+-------+-------+-------++-------
  Melee: Quarterstaff      |    18 |     9 |     9 ||    36
   Cast: Sandblast         |    50 |    52 |    21 ||   123
         Stone Arrow       |       |    10 |    56 ||    66
  Evoke: Wand              |       |       |     1 ||     1
    Use: Scroll            |     3 |     7 |     2 ||    12
         Potion            |       |     1 |     4 ||     5
 Armour: Robe              |    12 |     2 |     9 ||    23
         Skin              |       |     1 |       ||     1
  Dodge: Dodged            |    47 |     4 |    30 ||    81
